 Dungeon Crawl Stone Soup version 0.26.1-16-g4e020e15dc (webtiles) character file.

Game seed: 15242835603621725057

9 Lorrdernie the Caller (level 2, -1/11 HPs)
             Began as a Felid Summoner on Sept 30, 2023.
             Slain by a goblin (3 damage)
             ... on level 1 of the Dungeon.
             The game lasted 00:00:28 (522 turns).

Lorrdernie the Caller (Felid Summoner)               Turns: 522, Time: 00:00:29

Health: -1/11      AC:  1    Str:  4    XL:     2   Next: 3%
Magic:  3/6        EV: 18    Int: 16    God:
Gold:   8          SH:  0    Dex: 16    Spells: 4/5 levels left
                                        Lives:  0   Deaths: 0

rFire    . . .     SeeInvis +   (weapon unavailable)
rCold    . . .     Faith    .   (shield unavailable)
rNeg     . . .     Spirit   .   (armour unavailable)
rPois    .         Reflect  .   (helmet unavailable)
rElec    .         Harm     .   (cloak unavailable)
rCorr    .         Rampage  .   (gloves unavailable)
Will     .....                  (boots unavailable)
Stlth    +++.......             (no amulet)
HPRegen  0.03/turn              (no ring)
MPRegen  0.10/turn              (no ring)

@: quick
A: very small, no armour, no weapons or thrown items, stealth, claws 1, fangs 3,
see invisible, speed 1, shaggy fur 1, sharp paws
a: no special abilities


You were on level 1 of the Dungeon.
You visited 1 branch of the dungeon, and saw 1 of its levels.

You collected 8 gold pieces.

Inventory:

Potions
 a - a potion of attraction {unknown}


   Skills:
 - Level 2.6 Dodging
 - Level 2.6 Stealth
 + Level 2.2 Spellcasting
 * Level 4.3 Summonings


You had 4 spell levels left.
You knew the following spells:

 Your Spells              Type           Power        Failure   Level
a - Summon Small Mammal   Summ           60%          3%          1

Your spell library contained the following spells:

 Spells                   Type           Power        Failure   Level
 Call Imp                 Summ           15%          5%          2
 Call Canine Familiar     Summ           15%          11%         3
 Summon Guardian Golem    Hex/Summ       8%           26%         3
 Summon Ice Beast         Ice/Summ       8%           63%         4
 Summon Lightning Spire   Summ/Air       8%           63%         4


Dungeon Overview and Level Annotations

Branches:
Dungeon (1/15)

Altars:


Innate Abilities, Weirdness & Mutations

You cannot wear armour.
You are incapable of wielding weapons or throwing items.
Your paws allow you to move quietly. (Stealth)
You have sharp claws.
You have razor-sharp teeth.
You have supernaturally acute eyesight. (SInv)
You cover ground quickly.
You are covered in fur. (AC +1)
Your sharp claws are effective at attacking unaware monsters.


Message History

Your quokka bites the hobgoblin but does no damage.
The hobgoblin hits your quokka but does no damage.
You closely miss the goblin. You bite the goblin.
The goblin is moderately wounded.
Your bat hits the hobgoblin but does no damage.
Your quokka bites the hobgoblin.
The hobgoblin barely misses your bat. The goblin closely misses you.
You scratch the goblin. You bite the goblin.
The goblin is severely wounded.
Your bat barely misses the hobgoblin.
Your quokka bites the hobgoblin.
The hobgoblin dies!
The goblin closely misses you.
You have reached level 2!
You closely miss the goblin.
The goblin is severely wounded.
Your bat barely misses the goblin.
Your quokka bites the goblin.
The goblin hits you.
* * * LOW HITPOINT WARNING * * *
Your quokka misses the goblin. The goblin hits you.
You die...

###.##.########....#.#
#.########
...................#.# #.#
###.##.###.##......#.# #.#
.......###.###.....#.###.#.#
....................>.)....#
.......###.#.#..####..##...#
........... #.............#
............##..####.####..#
................@............
####.........#.#gg.......#.###
#.........b #r.##.#...#.#
#...........).b...#.#(#.#
.................#.#[# ##
...............# # # ..
.............. ..
.#............ ##
#............#


You could see 2 goblins, a friendly quokka (summoned) and 2 friendly bats.

Vanquished Creatures
  A goblin (D:1)
  2 bats (D:1)
  A frilled lizard (D:1)
  A kobold (D:1)
5 creatures vanquished.

Vanquished Creatures (collateral kills)
  A giant cockroach (D:1)
  2 hobgoblins (D:1)
  A kobold (D:1)
4 creatures vanquished.

Grand Total: 9 creatures vanquished

Notes
Turn   | Place    | Note
-------+----------+-------------------------------------------
     0 | D:1      | Lorrdernie the Felid Summoner began the quest for the Orb.
     0 | D:1      | Reached XP level 1. HP: 7/7 MP: 4/4
   522 | D:1      | Reached XP level 2. HP: 5/11 MP: 3/6
   522 | D:1      | Slain by a goblin

Illustrated notes

Levels and vault maps discovered:
D:1:      dpeg_arrival_concentric_ovals, layout_basic, nrook_mini_backslash

Action                   || total
-------------------------++-------
Melee: Unarmed           ||    18
       Bite              ||     4
 Cast: Summon Small Mamm ||    15
 Stab: Sleeping          ||     1
Armor: Skin              ||     2
Dodge: Dodged            ||    18
